Map: Oxide LE

Players

BisugoPh - Winner!

  • Race: Protoss Protoss
  • League: Diamond
  • Spawn Location: 7:00

Heeebster

  • Race: Protoss Protoss
  • League: Diamond
  • Spawn Location: 1:00

VOD

Have the link to the VOD?

Description

Time

  • Played on: Nov. 16, 2020, 8:22 p.m.
  • Length: 10:40
Show
View Real Time Build Order
Export as new Build Order

BisugoPh Protoss - Winner!

Build Orders:  

Get SALT Encoding   

  12  0:00  Probe  
  13  0:12  Probe  
  14  0:17  Pylon  
  14  0:24  Probe (Chrono Boost)  
  16  0:36  Probe (Chrono Boost)  
  16  0:40  Gateway  
  16  0:43  Probe (Chrono Boost)  
  16  0:48  Assimilator  
  17  0:51  Probe  
  18  0:57  Assimilator  
  18  1:03  Probe  
  19  1:10  Gateway  
  19  1:15  Probe  
  20  1:27  Probe  
  20  1:28  Cybernetics Core  
  21  1:37  Pylon  
  21  1:39  Probe  
  22  1:51  Probe  
  23  2:02  Stalker (Chrono Boost)  
  23  2:03  Stalker (Chrono Boost)  
  23  2:06  Warp Gate (Chrono Boost)  
  27  2:10  Probe  
  28  2:24  Stalker  
  28  2:27  Pylon  
  28  2:28  Pylon  
  30  2:45  Stalker  
  30  2:47  Gateway  
  32  2:58  Stalker  
  34  3:00  Pylon  
  34  3:27  Shield Battery  
  34  3:48  Stalker x3  
  40  4:12  Robotics Facility  
  40  4:25  Gateway  
  40  4:26  Pylon  
  40  4:33  Pylon  
  40  4:35  Gateway  
  38  4:43  Pylon  
  38  4:44  Pylon  
  36  4:49  Stalker x2  
  37  4:59  Observer (Chrono Boost)  
  30  5:36  Nexus  
  30  5:45  Probe  
  30  5:46  Pylon  
  30  5:49  Shield Battery  
  31  5:57  Probe  
  31  6:01  Pylon  
  32  6:09  Shield Battery, Probe  
  30  6:19  Stalker x2  
  30  6:20  Stalker x2  
  38  6:33  Stalker  
  38  6:46  Zealot  
  38  6:47  Zealot x2  
  36  7:03  Stalker  
  36  7:09  Stalker x2  
  28  7:24  Stalker  
  24  7:32  Probe (Chrono Boost)  
  25  7:44  Probe (Chrono Boost)  
  26  7:50  Adept  
  28  7:53  Adept  
  28  7:57  Probe  
  31  8:10  Stalker  
  33  8:19  Stalker  
  35  8:40  Stalker  
  35  8:41  Stalker  
  37  8:51  Zealot  
  37  8:52  Zealot  
  34  9:07  Stalker  
  36  9:22  Pylon  
  34  9:27  Zealot  
  36  9:34  Zealot  
  38  9:45  Zealot  
  36  10:10  Stalker  
  38  10:26  Stalker  
  40  10:28  Stalker  
Show
View Real Time Build Order
Export as new Build Order

Heeebster Protoss 

Build Orders: Zealot Archon, Dark Templar Rush 

Get SALT Encoding   

  12  0:00  Probe  
  13  0:16  Pylon  
  13  0:17  Probe (Chrono Boost)  
  14  0:27  Probe (Chrono Boost)  
  15  0:32  Probe (Chrono Boost)  
  16  0:39  Gateway  
  16  0:44  Probe  
  16  0:46  Assimilator  
  17  0:51  Assimilator  
  17  0:56  Probe  
  18  1:06  Pylon  
  18  1:08  Probe  
  19  1:20  Probe  
  20  1:27  Cybernetics Core  
  20  1:32  Probe  
  21  1:41  Pylon  
  21  1:44  Probe  
  22  1:56  Probe  
  23  2:02  Stalker (Chrono Boost), Warp Gate (Chrono Boost)  
  23  2:08  Twilight Council  
  25  2:24  Stalker  
  25  2:29  Gateway  
  27  2:47  Dark Shrine  
  27  2:51  Gateway  
  27  2:55  Gateway  
  27  3:02  Pylon  
  27  3:21  Pylon  
  27  3:45  Charge  
  27  3:59  Dark Templar x2  
  27  4:00  Zealot  
  33  4:04  Dark Templar  
  31  4:22  Zealot  
  33  4:38  Pylon  
  28  4:42  Pylon  
  28  4:43  Pylon  
  28  4:57  Pylon  
  27  5:05  Pylon  
  27  5:24  Probe (Chrono Boost)  
  27  5:27  Zealot x2  
  32  5:34  Probe (Chrono Boost)  
  33  5:37  Pylon  
  33  5:40  Archon  
  33  5:41  Dark Templar  
  35  5:51  Zealot x2  
  35  5:53  Archon  
  39  5:59  Zealot  
  41  6:15  Zealot x3  
  41  6:39  Dark Templar x4  
  45  6:52  Pylon  
  31  7:23  Zealot x4  
  31  7:41  Dark Templar  
  31  7:43  Dark Templar x3  
  39  7:56  Archon x2  
  39  8:13  Dark Templar  
  39  8:17  Dark Templar  
  39  8:18  Nexus  
  39  8:19  Zealot  
  45  8:20  Pylon  
  45  8:26  Zealot  
  28  9:07  Probe  
  25  9:11  Zealot x3  
  31  9:19  Probe  
  32  9:29  Zealot  
  30  9:40  Shield Battery  
  30  9:44  Shield Battery  
  30  9:54  Dark Templar  
  32  10:05  Dark Templar  
  20  10:14  Dark Templar  
  20  10:32  Zealot  
Tags
 
Composition
Zealot Archon
Matchup
PvP
Replay Pack
Replays
Spawn Locations
Cross Positions
Add a new tag
Caveats
  • Supply blocks, unpowered buildings, or Contaminate may cause inaccurate times.
  • Supply counts are checked every 10 seconds.